 Dungeon Crawl Stone Soup version 0.22-a0-880-gb7b0c8b (webtiles) character file.

38710 poirepourri the Spry (level 13, -4/174 HPs)
             Began as a Minotaur Chaos Knight on July 30, 2018.
             Slain by a tyrant leech (20 damage)
             ... on level 6 of the Lair of Beasts.
             The game lasted 00:19:48 (14546 turns).

poirepourri the Spry (Minotaur Chaos Knight)       Turns: 14546, Time: 00:19:50

Health: -4/174     AC: 26    Str: 23 (25) XL:     13   Next: 65%
Magic:  12/12      EV:  2    Int:  6 (7)  God:    Xom [*.....]
Gold:   913        SH:  0    Dex: 17      Spells: 12/12 levels left

rFire    . . .     SeeInvis .   I - +7 battleaxe (chaos)
rCold    . . .     Gourm    .   (shield currently unavailable)
rNeg     + + +     Faith    .   (armour currently unavailable)
rPois    +         Spirit   .   (helmet currently unavailable)
rElec    .         Reflect  .   (cloak currently unavailable)
rCorr    .         Harm     .   (gloves currently unavailable)
MR       +++..     NoTele   +   (boots currently unavailable)
Stlth    ++........             H - amulet of Wetriaxa {Acrobat *Contam rPois Str+7 Dex+3}
HPRegen  0.39/turn              j - ring of protection from magic
MPRegen  0.13/turn              y - +4 ring of evasion

@: tree-form
A: (retaliatory headbutt), thin skeletal structure 1, blurry vision 1, clumsy 1,
deterioration 2, dopey 1, magic resistance 2
a: Renounce Religion


You were on level 6 of the Lair of Beasts.
You worshipped Xom.
You were a special plaything of Xom.
You were full.
You were a tree.
You visited 3 branches of the dungeon, and saw 18 of its levels.
You also visited: Ossuary.

You collected 1003 gold pieces.
You spent 90 gold pieces at shops.

Inventory:

Hand Weapons
 I - a +7 battleaxe of chaos (weapon)
Missiles
 r - 98 bolts
 t - a javelin
 C - 16 tomahawks
 G - 4 throwing nets (quivered)
Armour
 g - a +2 cloak (melded)
 o - a +1 pair of boots (melded)
 s - a +0 large shield
 F - a scarf of spirit shield
 M - a +1 leather armour of poison resistance
 O - a +1 scale mail of fire resistance (melded)
Jewellery
 j - a ring of protection from magic (left branch)
 p - an uncursed ring of fire
 y - a +4 ring of evasion (right branch)
 H - the amulet of Wetriaxa (around neck) {Acrobat *Contam rPois Str+7 Dex+3}
   (Xom gifted it to you on level 9 of the Dungeon)

   [amulet of the acrobat]

   It helps you evade while moving and waiting.
   It affects your strength (+7).
   It affects your dexterity (+3).
   It protects you from poison.
   It causes magical contamination when unequipped.
 J - an uncursed ring of see invisible
 R - an uncursed ring of fire
 S - an uncursed ring of fire
 U - an uncursed ring of positive energy
 Y - an uncursed amulet of faith
Wands
 b - a wand of iceblast (2)
 l - a wand of random effects (61)
 n - a wand of polymorph (14)
 x - a wand of disintegration (17)
 z - a wand of flame (29)
 E - a wand of digging (37)
 L - a wand of clouds (5)
Scrolls
 k - 6 scrolls of remove curse
 u - 2 scrolls of magic mapping
 w - 11 scrolls of teleportation
 B - 6 scrolls of blinking
 D - 2 scrolls of fog
 V - a scroll of amnesia
 X - 2 scrolls of summoning
Potions
 d - 4 potions of mutation
 e - 5 potions of curing
 h - 2 potions of brilliance
 i - 5 potions of haste
 m - 4 potions of resistance
 q - 4 potions of flight
 v - a potion of ambrosia
 A - 2 potions of magic
 K - a potion of lignification
 N - a potion of cancellation
Miscellaneous
 Q - a phial of floods
 T - a phantom mirror
Comestibles
 c - 14 rations


   Skills:
 - Level 11.0 Fighting
 + Level 12.6 Axes
 - Level 2.4 Armour
 - Level 15.3 Dodging
 - Level 15.0 Shields


You had 12 spell levels left.
You didn't know any spells.
Your spell library contained the following spells:

 Spells                   Type           Power        Failure   Level  Hunger
 Magic Dart               Conj           #...         45%         1    ##.....
 Apportation              Tloc           #.....       45%         1    ##.....
 Conjure Flame            Conj/Fire      #.......     83%         3    ####...
 Slow                     Hex            #.......     58%         2    ###....
 Confuse                  Hex            #.......     83%         3    ####...
 Mephitic Cloud           Conj/Pois/Air  #.......     83%         3    ####...
 Summon Small Mammal      Summ           #...         45%         1    ##.....
 Blink                    Tloc           N/A          58%         2    ###....
 Animate Skeleton         Necr           N/A          45%         1    ##.....
 Summon Ice Beast         Ice/Summ       #.......     99%         4    #####..
 Call Imp                 Summ           #.......     58%         2    ###....
 Tukima's Dance           Hex            #.......     83%         3    ####...
 Recall                   Summ/Tloc      N/A          83%         3    ####...
 Confusing Touch          Hex            #.....       45%         1    ##.....
 Call Canine Familiar     Summ           #.......     83%         3    ####...
 Ensorcelled Hibernation  Hex/Ice        #.....       58%         2    ###....
 Corona                   Hex            #......      45%         1    ##.....
 Dazzling Spray           Conj/Hex       #.....       83%         3    ####...
 Summon Lightning Spire   Summ/Air       #.......     99%         4    #####..
 Summon Guardian Golem    Hex/Summ       #.......     83%         3    ####...
 Dragon's Call            Summ           #.........   100%        9    #######
 Spellforged Servitor     Conj/Summ      #.........   100%        7    #######


Dungeon Overview and Level Annotations

Branches:
Dungeon (11/15)            Temple (1/1) D:5            Lair (6/6) D:9
 Shoals (0/4) Lair:3        Snake (0/4) Lair:3          Orc (0/2) D:9
  Slime: Lair:5-6

Altars:
Ashenzari
Cheibriados
Dithmenos
Elyvilon
Fedhas
Gozag
Hepliaklqana
Kikubaaqudgha
Makhleb
Nemelex Xobeh
Okawaru
Qazlal
Ru
Sif Muna
Trog
Uskayaw
Vehumet
Wu Jian
Xom
Yredelemnul
Zin
The Shining One

Shops:
D:5 *

Annotations:
D:6 exclusion: statue


Innate Abilities, Weirdness & Mutations

((You reflexively headbutt those who attack you in melee.))
((You have a pair of horns on your head.))
((You have very sharp teeth.))
((You have sharp toenails.))
You have a somewhat thin skeletal structure. (Dex +2, Stealth)
Scrolls take you a little longer to read.
You are clumsy. (Dex -2)
Your body often deteriorates upon taking damage.
You are dopey. (Int -2)
You are highly resistant to hostile enchantments. (MR++)


Message History

* * * LOW HITPOINT WARNING * * *
The tyrant leech bites you!
* * * LOW HITPOINT WARNING * * *
You closely miss the tyrant leech.
The tyrant leech is lightly wounded.
You closely miss the spiny frog. You slash the black mamba!
The black mamba bites you but does no damage.
The spiny frog stings you but does no damage.
The black mamba bites you but does no damage.
Unknown command.
You miss the tyrant leech.
The tyrant leech is lightly wounded.
You slash the spiny frog!
Multicoloured lights dance around the spiny frog!
You closely miss the black mamba.
The black mamba changes into a jumping spider!
The spiny frog stings you but does no damage.
The tyrant leech bites you!!
You die...
Xom titters!

... ####≈.≈≈≈≈P≈≈ ##.#
####.≈≈≈≈≈≈≈≈≈≈≈ ...##
#.P.≈≈≈≈≈≈≈≈≈≈P# ##..P##
#....≈≈≈≈≈≈≈≈≈### P P
#.#..P# #.....≈.≈P≈≈≈≈≈≈#
P ##..PP#
#≈≈≈!≈..≈≈.≈≈≈≈≈≈ ...PP#
##≈...≈††....!≈≈≈ P
.....####....≈≈#wF.......
FP
...<..#.#..##≈##♣s...P≈...
.......#...#≈##...........
............# #...........
.....#...#### ##..........
P .....##.....#
#P.......... F
.....###....####..........
.....# #......###.÷÷......
F .....#
####P......÷÷...... .....#
##.......÷......


You could see a tyrant leech, a spiny frog and a jumping spider shaped shifter.

Vanquished Creatures
  The ghost of Goofits the Unseen, a journeyman HaGl of Dithmenos (Lair:5)
  A dire elephant (Lair:5)
  2 two-headed ogres (D:10)
  The ghost of Peyfill the Spear-Bearer, a journeyman GrFi of Kikubaaqudgha (Lair:2)
  A fire crab (Lair:3)
  A cyclops (D:10)
  13 elephants (Lair:5)
  5 black mambas
  A centaur skeleton (D:10)
  3 merfolk sirens (Lair:3)
  14 spiny frogs
  6 komodo dragons
  A tyrant leech (Lair:6)
  2 hornets
  12 blink frogs
  4 hippogriffs
  2 spriggans (Lair:2)
  33 yaks
  3 basilisks
  A hungry ghost (D:10)
  4 vampire mosquitoes (Lair:6)
  4 nagas (Lair:3)
  2 wargs (D:9)
  2 water moccasins
  9 porcupines
  3 black bears
  4 orc warriors
  3 sky beasts
  2 ice beasts
  A hornet zombie (D:10)
  4 centaurs
  4 ogres
  A phantom (D:8)
  A boggart (Lair:2)
  13 crocodiles
  4 wolves
  A big kobold (D:8)
  3 elf zombies (Ossuary)
  20 bullfrogs
  A wyvern skeleton (D:8)
  A scorpion (D:6)
  4 wights (D:7)
  11 killer bees (D:10)
  3 electric eels
  2 howler monkeys (D:9)
  7 crimson imps
  A centaur zombie (D:5)
  2 quasits (D:9)
  2 bullfrog zombies
  A human zombie (Ossuary)
  3 jellies
  5 hounds
  6 orc priests
  An iron imp (D:3)
  Jessica (D:3)
  A bullfrog skeleton (D:4)
  5 iguanas
  Terence (D:2)
  9 orc wizards
  6 worker ants
  Natasha (D:3)
  6 hound zombies
  3 mummies (Ossuary)
  2 hound skeletons
  16 adders
  4 gnolls (D:3)
  A river rat (D:9)
  An ooze (D:1)
  3 adder zombies (Ossuary)
  A worm (D:2)
  2 dart slugs
  4 leopard geckos
  33 orcs
  4 ball pythons
  4 giant cockroaches
  A gnoll zombie (Ossuary)
  10 hobgoblins
  15 jackals
  3 quokkas
  9 bats
  6 frilled lizards
  9 goblins
  4 goblin zombies (Ossuary)
  2 hobgoblin zombies (Ossuary)
  A jackal skeleton (D:8)
  6 jackal zombies (Ossuary)
  16 kobolds
  2 kobold zombies (Ossuary)
  2 quokka skeletons (D:4)
  A quokka zombie (Ossuary)
  2 rats
  4 rat zombies (Ossuary)
  7 fungi
  2 plants
452 creatures vanquished.

Vanquished Creatures (collateral kills)
  A wolf spider (Lair:4)
  A spiny frog (Lair:4)
  2 yaks (Lair:2)
  A human zombie (Ossuary)
  An adder (Lair:4)
6 creatures vanquished.

Vanquished Creatures (others)
  Fannar (Lair:2)
  A blink frog (Lair:2)
  A water moccasin (Lair:2)
  A crocodile (Lair:6)
  A bush (Lair:6)
  10 fungi
  45 plants
60 creatures vanquished.

Grand Total: 518 creatures vanquished

Notes
Turn   | Place    | Note
-------+----------+-------------------------------------------
     0 | D:1      | poirepourri the Minotaur Chaos Knight began the quest for the Orb.
     0 | D:1      | Reached XP level 1. HP: 19/19 MP: 0/0
   185 | D:1      | XOM: butterfly on damage
   198 | D:1      | Reached XP level 2. HP: 6/26 MP: 1/1
   583 | D:1      | Reached skill level 5 in Axes
   652 | D:1      | Reached XP level 3. HP: 31/31 MP: 2/2
   831 | D:1      | XOM: god gift: scale mail {god gift}
  1157 | D:2      | XOM: smoke on damage
  1322 | D:2      | Reached XP level 4. HP: 34/39 MP: 3/3
  1358 | D:2      | XOM: harmless Air miscast
  1371 | D:2      | XOM: polymorph hobgoblin -> kobold
  1418 | D:2      | Noticed Terence
  1436 | D:2      | Killed Terence
  1745 | D:2      | XOM: noise
  1846 | D:2      | XOM: harmless Tloc miscast
  1889 | D:2      | XOM: divination: magic mapping
  1915 | D:3      | Found a shimmering altar of Xom.
  1970 | D:3      | Reached XP level 5. HP: 45/45 MP: 4/4
  2000 | D:3      | XOM: harmless Chrm miscast
  2064 | D:3      | XOM: potion effect (agility)
  2067 | D:3      | Reached XP level 6. HP: 51/51 MP: 5/5
  2079 | D:3      | Noticed Jessica
  2087 | D:3      | Killed Jessica
  2320 | D:3      | Noticed Natasha
  2324 | D:3      | Killed Natasha
  2325 | D:3      | Found Zin's Purification Station.
  2328 | D:3      | Found a glowing silver altar of Zin.
  2332 | D:3      | Bought a potion of curing for 90 gold pieces
  2511 | D:4      | Found an opulent altar of Gozag.
  2511 | D:4      | XOM: potion effect (agility)
  2562 | D:4      | Noticed an orc warrior
  2570 | D:4      | Reached XP level 7. HP: 50/57 MP: 6/6
  2577 | D:4      | Reached skill level 10 in Axes
  2643 | D:4      | XOM: cloud trail
  2724 | D:4      | XOM: harmless Tloc miscast
  2747 | D:4      | Found a sand-covered staircase.
  2752 | Ossuary  | Entered an ossuary
  2801 | Ossuary  | XOM: noise
  2805 | Ossuary  | XOM: summons friendly ufetubus
  2920 | Ossuary  | XOM: cast spell 'Disjunction'
  2948 | Ossuary  | XOM: divination: detect creatures
  3046 | Ossuary  | XOM: harmless Conj miscast
  3076 | Ossuary  | Reached XP level 8. HP: 42/64 MP: 7/7
  3105 | D:4      | Found a burning altar of Makhleb.
  3106 | D:4      | XOM: potion effect (invisibility)
  3370 | D:5      | Entered Level 5 of the Dungeon
  3378 | D:5      | Found a staircase to the Ecumenical Temple.
  3426 | Temple   | Entered the Ecumenical Temple
  3501 | D:5      | XOM: divination: magic mapping
  3509 | D:5      | Found Tutaupon's General Store.
  3592 | D:5      | Found an ornate altar of the Wu Jian Council.
  3642 | D:5      | XOM: smoke on damage
  3839 | D:5      | XOM: medium Conj miscast
  4147 | D:4      | XOM: noise
  4168 | D:5      | Found a deep blue altar of Sif Muna.
  4397 | D:6      | Found a radiant altar of Vehumet.
  4400 | D:6      | XOM: 7-stop teleportation journey
  4434 | D:6      | XOM: confuse monster(s)
  4440 | D:6      | Reached skill level 5 in Fighting
  4494 | D:6      | XOM: noise
  4524 | D:6      | XOM: cloud trail
  4558 | D:6      | XOM: harmless Fire miscast
  4561 | D:6      | Found an iron altar of Okawaru.
  4611 | D:6      | XOM: summons 2 hostile shadow creatures
  4627 | D:6      | XOM: harmless Necr miscast
  4691 | D:6      | XOM: give mutations
  4691 | D:6      | Gained mutation: You are dopey. (Int -2) [Xom's mischief]
  4691 | D:6      | Gained mutation: Your body sometimes deteriorates upon taking damage. [Xom's mischief]
  4691 | D:6      | Gained mutation: You are resistant to hostile enchantments. (MR+) [Xom's mischief]
  4717 | D:6      | XOM: give mutations
  4717 | D:6      | Gained mutation: Scrolls take you a little longer to read. [Xom's mischief]
  4717 | D:6      | Gained mutation: You are clumsy. (Dex -2) [Xom's mischief]
  4900 | D:7      | Reached XP level 9. HP: 78/79 MP: 8/8
  4968 | D:7      | XOM: mild Necr miscast
  5074 | D:7      | XOM: chaos upgrade
  5222 | D:7      | XOM: give mutations
  5222 | D:7      | Gained mutation: You are frail. (-10% HP) [Xom's mischief]
  5222 | D:7      | Gained mutation: You have a somewhat thin skeletal structure. (Dex +2, Stealth) [Xom's mischief]
  5222 | D:7      | Gained mutation: Your body often deteriorates upon taking damage. [Xom's mischief]
  5708 | D:8      | XOM: silly message
  5754 | D:8      | XOM: 6-stop teleportation journey
  5886 | D:8      | XOM: silly message
  5967 | D:8      | Found a bloodstained altar of Trog.
  5996 | D:8      | Reached skill level 10 in Fighting
  6011 | D:8      | XOM: confusion
  6041 | D:8      | XOM: harmless Tloc miscast
  6165 | D:8      | XOM: swap monsters
  6265 | D:8      | XOM: enchant monster (bad)
  6615 | D:9      | XOM: god gift: vibrating platinum amulet {god gift}
  6616 | D:9      | Got a vibrating platinum amulet {god gift}
  6618 | D:9      | Identified the amulet of Wetriaxa {Acrobat *Contam rPois Str+7 Dex+3} (Xom gifted it to you on level 9 of the Dungeon)
  6645 | D:9      | Found a staircase to the Orcish Mines.
  6843 | D:9      | Reached XP level 10. HP: 85/85 MP: 9/9
  6855 | D:9      | Reached skill level 5 in Dodging
  6859 | D:9      | XOM: noise
  6868 | D:9      | Found a staircase to the Lair.
  6922 | D:9      | XOM: polymorph jackal -> river rat
  7293 | D:10     | Entered Level 10 of the Dungeon
  7458 | D:10     | Noticed a two-headed ogre
  7465 | D:10     | Killed a two-headed ogre
  7590 | D:10     | Noticed a cyclops
  7596 | D:10     | Killed a cyclops
  7650 | D:10     | Reached skill level 10 in Dodging
  7744 | D:10     | Noticed a two-headed ogre
  7750 | D:10     | Killed a two-headed ogre
  7779 | D:10     | XOM: harmless Fire miscast
  7789 | D:10     | XOM: divination: detect items
  8013 | D:11     | Reached XP level 11. HP: 84/91 MP: 10/10
  8081 | Lair:1   | Entered Level 1 of the Lair of Beasts
  8088 | Lair:1   | XOM: give mutation
  8088 | Lair:1   | Lost mutation: You are frail. (-10% HP) [Xom's mischief]
  8888 | Lair:2   | XOM: summons friendly shadow imp
  9075 | Lair:2   | Noticed Fannar
  9083 | Lair:2   | Killed Fannar
  9103 | Lair:2   | XOM: confuse monster(s)
  9129 | Lair:2   | XOM: god gift: runed scale mail {god gift}
  9214 | Lair:2   | Found a runed door.
  9215 | Lair:2   | Noticed Peyfill's ghost (journeyman GrFi)
  9217 | Lair:2   | Noticed a spriggan rider
  9277 | Lair:2   | XOM: 3-stop teleportation journey
  9379 | Lair:2   | XOM: potion effect (invisibility)
  9408 | Lair:2   | XOM: cleaving
  9410 | Lair:2   | XOM: give mutations
  9410 | Lair:2   | Gained mutation: You have very sharp teeth. [Xom's grace]
  9410 | Lair:2   | Gained mutation: You are highly resistant to hostile enchantments. (MR++) [Xom's grace]
  9410 | Lair:2   | Gained mutation: You have sharp toenails. [Xom's grace]
  9426 | Lair:2   | XOM: destruction
  9522 | Lair:2   | XOM: cloud trail
  9582 | Lair:2   | XOM: summons 2 friendly demons
  9687 | Lair:2   | Identified Xom's Incunabulum of Dramatic Exits (Xom gifted it to you on level 2 of the Lair of Beasts)
  9687 | Lair:2   | XOM: god gift: Xom's Incunabulum of Dramatic Exits
  9798 | Lair:2   | XOM: scenery: 1 doors close
  9829 | Lair:2   | XOM: summons 3 hostile shadow creatures
  9970 | Lair:2   | XOM: cloud trail
  9998 | Lair:2   | XOM: divination: magic mapping
 10008 | Lair:2   | Killed Peyfill's ghost
 10018 | Lair:2   | Killed a spriggan rider
 10118 | Lair:3   | Reached XP level 12. HP: 103/110 MP: 11/11
 10120 | Lair:3   | XOM: cast spell 'Dispersal'
 10320 | Lair:3   | Reached skill level 15 in Dodging
 10355 | Lair:3   | XOM: silly message
 10440 | Lair:3   | XOM: potion effect (agility)
 10441 | Lair:3   | Reached skill level 1 in Shields
 10568 | Lair:3   | Found a staircase to the Shoals.
 10934 | Lair:3   | XOM: enchant monster (good)
 10939 | Lair:3   | Reached skill level 5 in Shields
 10951 | Lair:3   | Found a staircase to the Snake Pit.
 10995 | Lair:3   | XOM: noise
 11215 | Lair:3   | XOM: severe Hex miscast
 11711 | Lair:4   | XOM: noise
 11723 | Lair:4   | XOM: confuse monster(s)
 11731 | Lair:4   | XOM: summons 12 friendly demons
 12305 | Lair:5   | Reached skill level 10 in Shields
 12320 | Lair:5   | XOM: divination: magic mapping
 12322 | Lair:5   | XOM: repel stairs
 12323 | Lair:5   | XOM: noise
 12327 | Lair:5   | XOM: summons friendly ufetubus
 12327 | Lair:5   | Noticed a dire elephant
 12337 | Lair:5   | XOM: smoke on damage
 12338 | Lair:5   | XOM: enchant monster (bad)
 12763 | Lair:5   | Reached XP level 13. HP: 82/116 MP: 12/12
 12902 | Lair:5   | XOM: silly message
 12923 | Lair:5   | XOM: cast spell 'Summon Ice Beast'
 12941 | Lair:5   | Killed a dire elephant
 13049 | Lair:5   | Found a runed door.
 13054 | Lair:5   | Noticed Goofits's ghost (journeyman HaGl)
 13078 | Lair:5   | XOM: harmless Air miscast
 13121 | Lair:5   | XOM: noise
 13123 | Lair:5   | Killed Goofits's ghost
 13696 | Lair:6   | Entered Level 6 of the Lair of Beasts
 13838 | Lair:5   | XOM: divination: detect items
 14037 | Lair:5   | XOM: silly message
 14053 | Lair:6   | XOM: divination: detect creatures
 14056 | Lair:6   | XOM: enchant monster (bad)
 14061 | Lair:6   | XOM: cast spell 'Summon Ice Beast'
 14188 | Lair:5   | XOM: harmless Fire miscast
 14530 | Lair:6   | Reached skill level 15 in Shields
 14531 | Lair:6   | XOM: summons 1 hostile demon
 14537 | Lair:6   | XOM: confusion
 14542 | Lair:6   | XOM: polymorph spiny frog -> black mamba
 14546 | Lair:6   | Slain by a tyrant leech

Vault maps used:
D:1:      giann_forest_graveyard, item_on_display_a
D:2:      first_ration, uniq_terence
D:3:      led_xom_imps, zin_purify, uniq_natasha, uniq_jessica
D:4:      overflow_temple_1_default, makhleb_heckhound_becter, enter_ossuary_2
D:5:      kennysheep_mini_moat, nicolae_overflow_crystal_walls,
          minmay_temple_entry_overgrown, serial_shops, shop
D:6:      lemuel_ice_spiral_2, okawaru_ov_weapons_minmay, vehumet_statue
D:7:      minmay_liquid_box
D:8:      trog_ov_bears_minmay, grunt_ogre_cave
D:9:      erik_lair_orcish_takeover, minmay_misc_feat_encased
D:10:     lemuel_upstairs_altar, nicolae_sextant
D:11:     fedhas_altar_fruit_tree
Temple:   nicolae_temple_god_jail
Lair:2:   ebering_ghost_funeral_grove, infiniplex_staircase_pool,
          serial_bayou_shore_b, uniq_fannar
Lair:3:   elwin_shoals_entry_rooms, minmay_snake_entry_guardpost_small,
          nicolae_quartered_pool_little
Lair:4:   minmay_lair_venomous_thicket
Lair:5:   beast_lair_carwin_large_4, ebering_ghost_reflecting_pool,
          enter_volcano_4
Lair:6:   minmay_lair_end_frog_pond, slime_altar_2, minmay_lair_oklob_chamber
Ossuary:  minmay_ossuary_two_tombs

Skill      XL: |  1  2  3  4  5  6  7  8  9 10 11 12 13 |
---------------+----------------------------------------+-----
Axes           | 4 5 6 8 9 11 12 | 12.6
Fighting       | 7 11 | 11.0
Dodging        | 4 11 14 15 | 15.3
Shields        | 11 15 | 15.0
Armour         | |  2.4

Action                   |  1- 3 |  4- 6 |  7- 9 | 10-12 | 13-15 || total
-------------------------+-------+-------+-------+-------+-------++-------
Melee: Hand axe          |    78 |   113 |   328 |       |       ||   519
       Headbutt          |    13 |    22 |    94 |    94 |    36 ||   259
       Battleaxe         |       |       |    97 |   362 |   126 ||   585
       Bite              |       |       |       |    29 |    19 ||    48
Throw: Javelin           |       |     1 |     2 |       |       ||     3
Evoke: Wand              |       |       |       |     6 |       ||     6
  Use: Scroll            |     5 |     6 |    13 |    17 |     4 ||    45
       Potion            |       |       |     3 |     2 |     9 ||    14
 Stab: Petrifying        |       |     2 |     2 |       |       ||     4
       Confused          |       |       |     4 |     3 |     1 ||     8
       Invisible         |       |       |     3 |     7 |     2 ||    12
       Petrified         |       |       |     2 |       |       ||     2
       Sleeping          |       |       |       |     3 |       ||     3
       Paralysed         |       |       |       |     8 |     4 ||    12
  Eat: Ration            |     1 |     1 |     3 |     8 |     2 ||    15
       Chunk             |       |     1 |     2 |       |       ||     3
Armor: Leather armour    |    33 |    34 |   116 |    11 |       ||   194
       Scale mail        |       |       |       |    29 |    23 ||    52
       Skin              |       |       |       |       |     6 ||     6
Dodge: Dodged            |    46 |    56 |   197 |   406 |   203 ||   908

Table legend:
 A = Spawn XP
 B = Non-spawn XP
 C = Spawn XP percentage of total XP
 D = Spawn monster count
 E = Non-spawn monster count
 F = Spawn count percentage of total count
 G = Total turns spent on level
                    A         B        C        D         E        F      G
               +---------+---------+-------+---------+---------+-------+---------
         Total |       0 |   55300 |   0.0 |       0 |     452 |   0.0 | 14546
               +---------+---------+-------+---------+---------+-------+---------
           D:1 |       0 |      51 |   0.0 |       0 |      27 |   0.0 |  1080
           D:2 |       0 |     131 |   0.0 |       0 |      27 |   0.0 |   829
           D:3 |       0 |     348 |   0.0 |       0 |      25 |   0.0 |   584
           D:4 |       0 |     478 |   0.0 |       0 |      16 |   0.0 |   733
           D:5 |       0 |     451 |   0.0 |       0 |      11 |   0.0 |   631
           D:6 |       0 |     593 |   0.0 |       0 |      24 |   0.0 |   543
           D:7 |       0 |     589 |   0.0 |       0 |      13 |   0.0 |   806
           D:8 |       0 |    1714 |   0.0 |       0 |      34 |   0.0 |  1008
           D:9 |       0 |    1597 |   0.0 |       0 |      32 |   0.0 |   726
          D:10 |       0 |    4453 |   0.0 |       0 |      34 |   0.0 |   741
          D:11 |       0 |     266 |   0.0 |       0 |       1 |   0.0 |    12
        Lair:1 |       0 |    2353 |   0.0 |       0 |      13 |   0.0 |   804
        Lair:2 |       0 |    8057 |   0.0 |       0 |      26 |   0.0 |  1228
        Lair:3 |       0 |    6830 |   0.0 |       0 |      29 |   0.0 |  1162
        Lair:4 |       0 |    4911 |   0.0 |       0 |      30 |   0.0 |  1332
        Lair:5 |       0 |   14711 |   0.0 |       0 |      43 |   0.0 |  1758
        Lair:6 |       0 |    7211 |   0.0 |       0 |      31 |   0.0 |   181
       Ossuary |       0 |     556 |   0.0 |       0 |      36 |   0.0 |   340
               +---------+---------+-------+---------+---------+-------+---------
